Map: Blackpink LE

Players

Erfeyah

  • Race: Terran Terran
  • Spawn Location: 1:00

A.I. 1 (Easy) - Winner!

  • Race: Protoss Protoss
  • Spawn Location: 7:00

VOD

Have the link to the VOD?

Description

Time

  • Played on: Nov. 22, 2017, 11:14 a.m.
  • Length: 9:07
Show
View Real Time Build Order
Export as new Build Order

Erfeyah Terran 

Build Orders:  

Get SALT Encoding   

  12  0:05  SCV  
  13  0:17  SCV  
  13  0:21  Refinery  
  14  1:28  Supply Depot  
  14  1:52  SCV  
  15  2:04  SCV  
  16  2:34  Barracks  
  16  2:43  SCV  
  17  2:55  SCV  
  18  3:07  SCV  
  19  3:31  Barracks  
  19  3:47  Supply Depot  
  19  4:05  Refinery  
  19  4:08  SCV  
  20  4:20  SCV, Barracks  
  21  4:33  SCV  
  22  4:45  SCV  
  23  4:55  Supply Depot  
  23  5:18  Supply Depot  
  23  5:19  SCV  
  24  5:31  SCV  
  25  5:40  Supply Depot  
  25  5:43  SCV  
  26  5:55  SCV  
  27  6:03  Supply Depot  
  27  6:05  Barracks  
  27  6:07  SCV  
  28  6:26  Supply Depot, Marine x3  
  31  6:44  Marine x3  
  34  6:54  Barracks  
  34  7:23  Factory  
  28  8:12  Marine x5  
  33  8:29  Marine  
  33  8:30  Marine x4  
Show
View Real Time Build Order
Export as new Build Order

A.I. 1 (Easy) Protoss - Winner!

Build Orders:  

Get SALT Encoding   

  12  0:00  Probe  
  13  0:13  Probe  
  14  0:20  Pylon  
  14  0:25  Probe  
  15  0:38  Probe  
  16  0:43  Assimilator  
  16  0:51  Gateway  
  16  0:53  Pylon  
  16  1:18  Assimilator  
  16  1:40  Cybernetics Core, Zealot  
  18  2:07  Pylon  
  18  2:10  Probe  
  19  2:17  Stalker  
  19  2:20  Warp Gate  
  19  2:22  Probe  
  22  2:34  Probe  
  23  2:46  Probe  
  24  2:52  Adept  
  24  2:58  Probe  
  27  3:10  Probe  
  28  3:26  Stalker  
  30  4:00  Adept  
  32  7:05  Sentry  
  32  7:06  Probe, Pylon  
  35  7:13  Nexus  
  35  7:26  Robotics Facility  
  35  7:28  Pylon  
  35  7:30  Stalker  
  37  7:55  Sentry  
  37  8:15  Observer  
  38  8:20  Stalker  
  38  8:26  Probe  
  41  8:30  Probe  
  42  8:36  Observer, Assimilator  
  42  8:38  Probe, Assimilator  
  44  8:42  Probe  
  45  8:50  Probe, Zealot  
  45  8:55  Probe  
Tags
 
Add a new tag
Caveats
  • Supply blocks, unpowered buildings, or Contaminate may cause inaccurate times.
  • Supply counts are checked every 10 seconds.